 Dungeon Crawl Stone Soup version 0.28.0-49-g6dfe1f597d (webtiles) character file.

Game seed: 12440590495944052859

61 Keeper01 the Skirmisher (level 4, -4/40 HPs)
             Began as a Hill Orc Fighter on May 12, 2022.
             Slain by Sigmund
             ... wielding a +0 scythe
              (9 damage)
             ... on level 2 of the Dungeon.
             The game lasted 00:10:21 (1428 turns).

Keeper01 the Skirmisher (Hill Orc Fighter)          Turns: 1428, Time: 00:10:22

Health: -4/40      AC:  8    Str: 20    XL:     4   Next: 7%
Magic:  4/4        EV:  9    Int:  8    God:
Gold:   53         SH:  4    Dex: 10    Spells: 3/3 levels left

rFire   . . .      SeeInvis .   f - +3 rapier (venom)
rCold   . . .      Faith    .   c - +0 buckler
rNeg    . . .      Spirit   .   b - +0 scale mail
rPois   .          Reflect  .   (no helmet)
rElec   .          Harm     .   (no cloak)
rCorr   .          Rampage  .   (no gloves)
Will    .....                   e - +0 pair of boots
Stlth   ..........              (no amulet)
HPRegen 0.13/turn               (no ring)
MPRegen 0.09/turn               (no ring)

@: mighty, brilliant
A: no striking features
a: no special abilities


You were on level 2 of the Dungeon.
You visited 1 branch of the dungeon, and saw 2 of its levels.

You collected 53 gold pieces.

Inventory:

Hand Weapons
 a - a +0 war axe
 f - a +3 rapier of venom (weapon)
Missiles
 k - 5 javelins (quivered)
Armour
 b - a +0 scale mail (worn)
 c - a +0 buckler (worn)
 e - a +0 pair of boots (worn)
Scrolls
 d - a scroll of enchant armour {unknown}
 h - a scroll of identify {unknown}
Potions
 g - a potion of magic {unknown}
 i - a potion of might


   Skills:
 + Level 4.0 Fighting
 + Level 3.8 Axes
 + Level 4.0 Armour
 + Level 0.3 Dodging
 + Level 3.8 Shields


You had 3 spell levels left.
You didn't know any spells.
Your spell library was empty.

Dungeon Overview and Level Annotations

Branches:
Dungeon (2/15)

Altars:

Annotations:
D:2 Sigmund


Message History

The kobold shouts!
An endoplasm comes into view.
The endoplasm quivers.
You block the kobold's attack.
Sigmund the Dreaded comes into view.
He is wielding a +0 scythe.
You completely miss the kobold.
Sigmund shouts!
The kobold hits you but does no damage.
You closely miss the kobold. The kobold hits you but does no damage.
The kobold barely misses you.
You puncture the endoplasm!
You kill the endoplasm!
You block the kobold's attack. The kobold hits you but does no damage.
You feel very mighty all of a sudden. The kobold hits you but does no damage.
Sigmund mumbles some strange words.
Sigmund flickers and vanishes!
Deactivating autopickup; reactivate with Ctrl-A.
The kobold barely misses you. Something hits you but does no damage.
You closely miss the kobold. The kobold hits you but does no damage.
You puncture the kobold!
You kill the kobold!
Something hits you.
Your Armour skill increases to level 4!
Something hits you!
Things that are here:
a +0 dagger; 3 stones; a kobold corpse Something hits you!
You miss something. You closely miss something. Something hits you!
* * * LOW HITPOINT WARNING * * *
It was a potion of brilliance.
You feel clever all of a sudden. Something hits you.
* * * LOW HITPOINT WARNING * * *
You closely miss something. Something hits you.
* * * LOW HITPOINT WARNING * * *
You miss something. Something hits you!
You die...

#.......####..#..#.#
#......>####.#.....#
####...............####
...........#....####
.............#.##
#.........##..## ...
#.#.......#### ..
..#....).P.P# ..
#...{@.#.## .
#........#.# #
#.#......#P. #
.....#....# P# ##
.....###.## #. ...# #.#
#. .# ... # #. ..# ..
####. #..#....


There were no monsters in sight!

Vanquished Creatures
  Robin (D:2)
  A worm (D:2)
  3 ball pythons (D:1)
  3 bats (D:1)
  An endoplasm (D:2)
  2 giant cockroaches
  6 goblins (D:2)
  13 hobgoblins
  2 kobolds
  2 quokkas
  5 frilled lizards
  4 rats
43 creatures vanquished.

Notes
Turn   | Place    | Note
-------+----------+-------------------------------------------
     0 | D:1      | Keeper01 the Hill Orc Fighter began the quest for the Orb.
     0 | D:1      | Reached XP level 1. HP: 19/19 MP: 1/1
    67 | D:1      | Reached XP level 2. HP: 23/27 MP: 2/2
   996 | D:2      | Reached XP level 3. HP: 31/33 MP: 3/3
  1062 | D:2      | Noticed Robin
  1073 | D:2      | Killed Robin
  1326 | D:2      | Reached XP level 4. HP: 33/40 MP: 4/4
  1339 | D:2      | Identified a scroll of acquirement
  1339 | D:2      | Acquired a +3 rapier of venom
  1413 | D:2      | Noticed Sigmund
  1428 | D:2      | Slain by Sigmund

Illustrated notes

Levels and vault maps discovered:
D:1:      amcnicky_arrival_wind_blow, layout_basic
D:2:      layout_rooms, dreamdust_ecumenical_altar_hidden_monk_grotto,
          minmay_quadrilaterals, uniq_sigmund, uniq_robin

Skill      XL: |  1  2  3  4 |
---------------+-------------+-----
Fighting       | 4 |  4.0
Axes           | 3 |  3.8
Armour         | 4 |  4.0
Dodging        | |  0.3
Shields        | |  3.8

Action                   |  1- 3 |  4- 6 || total
-------------------------+-------+-------++-------
Melee: War axe           |    91 |       ||    91
       Rapier            |       |    11 ||    11
  Use: Potion            |     1 |     2 ||     3
       Scroll            |       |     1 ||     1
Armor: Scale mail        |    66 |     6 ||    72
Dodge: Dodged            |    66 |     2 ||    68
Block: Buckler           |    28 |     4 ||    32
